 Dungeon Crawl Stone Soup version 0.30.0-10-gfe55d96785 (webtiles) character file.

Game seed: 17322928581747185714

88 booth the Conjurer (level 4, -2/24 (33) HPs)
             Began as a Demonspawn Reaver on May 14, 2023.
             Killed from afar by Ijyb (13 damage)
             ... with an iceblast
             ... on level 3 of the Dungeon.
             The game lasted 00:11:07 (1656 turns).

booth the Conjurer (Demonspawn Reaver)              Turns: 1656, Time: 00:11:07

HP:   -2/24 (33)    AC:  9    Str: 15    XL:     4   Next: 29%
MP:   6/7           EV: 11    Int: 14    God:
Gold: 142           SH:  0    Dex: 11    Spells: 4/7 levels left

rFire   . . .        a - +0 hand axe
rCold   . . .        (no shield)
rNeg    . . .        b - +0 leather armour
rPois   +            (no helmet)
rElec   .            c - +0 cloak
rCorr   .            (no gloves)
SInv    .            (no boots)
Will    .....        (no amulet)
Stlth   +            l - +4 ring of protection
HPRegen 0.24/turn    i - ring of poison resistance
MPRegen 0.10/turn

%: no passive effects
@: very heavily drained
A: sharp scales 1, weakness stinger 1
a: no special abilities


You were on level 3 of the Dungeon.
You visited 1 branch of the dungeon, and saw 3 of its levels.

You collected 142 gold pieces.

Inventory:

Hand Weapons
 a - a +0 hand axe (weapon)
 n - a +0 mace
Missiles
 h - 2 javelins
Armour
 b - a +0 leather armour (worn)
 c - a +0 cloak (worn)
 j - a +2 pair of boots
Jewellery
 d - a ring of magical power
 i - a ring of poison resistance (right hand)
 l - a +4 ring of protection (left hand)
Scrolls
 e - a scroll of immolation
 f - a scroll of teleportation
 m - a scroll of magic mapping {unknown}
Potions
 g - a potion of flight
 k - a potion of berserk rage {unknown}
 o - a potion of curing {unknown}


   Skills:
 + Level 2.3 Fighting
 * Level 3.1 Axes
 + Level 0.9 Armour
 + Level 2.2 Dodging
 + Level 2.3 Spellcasting
 * Level 3.6 Conjurations
 + Level 1.0 Necromancy


You had 4 spell levels left.
You knew the following spells:

 Your Spells              Type           Power      Damage    Failure   Level
a - Kiss of Death         Conj/Necr      32%        2d7       11%         1
b - Momentum Strike       Conj/Tloc      12%        3d8       21%         2

Your spell library contained the following spells:

 Spells                   Type           Power      Damage    Failure   Level
 Hailstorm                Conj/Ice       6%         3d4       38%         3
 Scorch                   Fire           2%         2d5       41%         2
 Confusing Touch          Hex            1%         N/A       65%         3
 Flame Wave               Conj/Fire      6%         2d5       80%         4
 Dispel Undead            Necr           4%         3d7       88%         4
 Summon Cactus Giant      Summ           0%         N/A       100%        6


Dungeon Overview and Level Annotations

Branches:
Dungeon (3/15)

Altars:

Annotations:
D:3 Ijyb


Innate Abilities, Weirdness & Mutations

You are partially covered in razor-sharp scales. (AC +1, Slay +1)
You have a small tail.


Message History

Terence is severely wounded.
Terence barely misses you.
You hit Terence but do no damage.
Terence is severely wounded.
Terence hits you with a +0 flail.
You hit Terence.
Terence is almost dead.
Terence hits you but does no damage.
You barely miss Terence.
Terence is almost dead.
Terence barely misses you.
You hit Terence but do no damage. You tail-slap Terence.
Terence is almost dead.
Terence hits you with a +0 flail.
You hit Terence but do no damage.
Terence is almost dead.
Terence hits you with a +0 flail.
You hit Terence but do no damage.
Your tail-slap misses Terence.
Terence is almost dead.
Terence barely misses you.
You hit Terence.
You kill Terence!
Ijyb barely misses you.
Your Necromancy skill increases to level 1!
You have reached level 4!
You feel stronger.
You hit Ijyb but do no damage. Ijyb hits you but does no damage.
Casting: Kiss of Death (safe; 11% risk of failure)
Confirm with . or Enter, or press ? or * to list all spells.
Aiming: Kiss of Death (safe; 11% risk of failure)
Press: ? - help, Shift-Dir - straight line, f - Ijyb
Aim: Ijyb, wielding a +0 dagger, wearing a +0 ring mail and carrying a wand of iceblast (8) (100% to hit)
The negative energy hits Ijyb but does no damage.
Ijyb is drained!
Ijyb is lightly wounded.
You feel drained. Ijyb hits you with a +0 dagger.
Ijyb attacks as you move away! Ijyb closely misses you.
Ijyb zaps a wand.
The mass of ice explodes!
The iceblast engulfs you!
Ouch! That really hurt!
You die...

........ .....gg.
..o....####
...o...#.. .@o..#. #
...# .##
#.#######...###
#..ogg.@.......
#####o############
#..............
#..........####
####+##.....†....#
#................###
....^.....###<.....+
.....#....# ####.###
#...###...# .#


You could see Ijyb (very drained), an orc wizard, an orc and a hobgoblin.

Vanquished Creatures
  Terence (D:3)
  An adder (D:3)
  3 worms (D:2)
  2 dart slugs
  An orc (D:3)
  2 ball pythons
  5 endoplasms
  2 giant cockroaches
  5 goblins
  5 hobgoblins
  2 quokkas
  2 bats (D:2)
  3 frilled lizards
  3 kobolds
  3 rats
40 creatures vanquished.

Notes
Turn   | Place    | Note
-------+----------+-------------------------------------------
     0 | D:1      | booth the Demonspawn Reaver began the quest for the Orb.
     0 | D:1      | Reached XP level 1. HP: 16/16 MP: 3/3
   405 | D:1      | Gained mutation: You have a small tail. [demonic ancestry]
   405 | D:1      | Reached XP level 2. HP: 10/20 MP: 5/5
   863 | D:2      | HP: 1/21 [worm (8)]
  1141 | D:2      | Gained mutation: You are partially covered in razor-sharp
                  | scales. (AC +1, Slay +1) [demonic ancestry]
  1141 | D:2      | Reached XP level 3. HP: 27/27 MP: 6/6
  1231 | D:2      | Learned a level 2 spell: Momentum Strike
  1632 | D:3      | Noticed Terence
  1633 | D:3      | Noticed Ijyb
  1652 | D:3      | Killed Terence
  1653 | D:3      | Reached skill level 1 in Necromancy
  1653 | D:3      | Reached XP level 4. HP: 13/30 MP: 7/7
  1656 | D:3      | Killed from afar by Ijyb

Illustrated notes

Levels and vault maps discovered:
D:1:      minmay_arrival_widening_spiral_wide, layout_basic
D:2:      layout_basic
D:3:      minmay_door_path, layout_basic, zin_scriptorium, lemuel_doored_altar,
          nicolae_ecumenical_oubliette, minmay_strange_pillars, uniq_ijyb,
          uniq_terence, uniq_grinder

Skill      XL: |  1  2  3 |
---------------+----------+-----
Dodging        | 2 |  2.2
Axes           | 3 |  3.1
Necromancy     | 1 |  1.0
Fighting       | |  2.3
Armour         | |  0.9
Spellcasting   | |  2.3
Conjurations   | |  3.6

Action                     |  1- 3 |  4- 6 || total
---------------------------+-------+-------++-------
  Melee: Hand axe          |   161 |     1 ||   162
         Tailslap          |    17 |       ||    17
         Punch             |     3 |       ||     3
   Cast: Kiss of Death     |     2 |     1 ||     3
    Use: Scroll            |     4 |       ||     4
 Armour: Leather armour    |    47 |     1 ||    48
  Dodge: Dodged            |    78 |     1 ||    79
